 Dungeon Crawl Stone Soup version 0.31.0-12-g77e489cdc1 (webtiles) character file.

Game seed: 18002457915728416740

723 Killerpretzel the Changeling (level 7, 0/46 HPs)
             Began as an Octopode Shapeshifter on Mar 2, 2024.
             Was an Initiate of Vehumet.
             Slain by Duvessa
             ... wielding a +0 short sword
              (9 damage)
             ... on level 5 of the Dungeon.
             The game lasted 00:06:02 (4360 turns).

Killerpretzel the Changeling (OpSh)                 Turns: 4360, Time: 00:06:03

Health: 0/46       AC:  1    Str: 14    XL:     7   Next: 71%
Magic:  7/7        EV: 14    Int: 12    God:    Vehumet [......]
Gold:   234        SH:  0    Dex: 13    Spells: 6/6 levels left

rFire   . . .        n - +1 quarterstaff (spect)
rCold   . . .        (shield currently unavailable)
rNeg    . . .        (helmet currently unavailable)
rPois   .            (no amulet)
rElec   .            (no ring)
rCorr   .            (no ring)
SInv    .            (no ring)
Will    .....        (no ring)
Stlth   ++           (no ring)
HPRegen 0.27/turn    (no ring)
MPRegen 0.10/turn    (no ring)
                     (no ring)

%: no passive effects
@: beast-form
A: beast (slay +3), almost no armour, amphibious, 8 rings, camouflage 1,
gelatinous body 1, (nimble swimmer 1), tentacles
a: Begin Untransformation, Renounce Religion


You were on level 5 of the Dungeon.
You worshipped Vehumet.
Vehumet was noncommittal.
You were a hulking beast.
You visited 2 branches of the dungeon, and saw 6 of its levels.

You collected 234 gold pieces.

Inventory:

Hand Weapons
 n - a +1 spectral quarterstaff (weapon)
Jewellery
 h - an amulet of faith
Talismans
 b - a beast talisman
 c - a flux talisman
 d - a serpent talisman
 l - a talisman of death
Wands
 i - a wand of flame (19)
Scrolls
 j - 2 scrolls of teleportation
Potions
 e - a potion of might
 f - a potion of magic
 g - a potion of brilliance
 m - a potion of attraction {unknown}
 q - a potion of berserk rage {unknown}


   Skills:
 + Level 3.6 Fighting
 + Level 4.1 Dodging
 + Level 4.7 Unarmed Combat
 * Level 5.6 Shapeshifting


You had 6 spell levels left.
You didn't know any spells.
Your spell library contained the following spells:

 Spells                   Type           Power      Damage    Failure   Level
 Apportation              Tloc           0%         N/A       32%         1
 Jinxbite                 Hex            0%         N/A       45%         2
 Dazzling Flash           Conj/Hex       0%         N/A       69%         3
 Gell's Gravitas          Tloc           0%         N/A       69%         3
 Teleport Other           Tloc           0%         N/A       69%         3
 Volatile Blastmotes      Fire/Tloc      0%         2d10      69%         3
 Alistair's Intoxication  Alch           0%         N/A       100%        5
 Dispersal                Tloc           0%         N/A       100%        6
 Starburst                Conj/Fire      0%         6d3       100%        6
 Maxwell's Capacitive Co  Air            0%         ∞         100%        8


Dungeon Overview and Level Annotations

Branches:
Dungeon (5/15)             Temple (1/1) D:4

Altars:
Ashenzari
Cheibriados
Dithmenos
Elyvilon
Gozag
Hepliaklqana
Makhleb
Nemelex Xobeh
Qazlal
Ru
Sif Muna
Trog
Uskayaw
Vehumet
Xom
Yredelemnul
Zin
The Shining One

Shops:
D:1 (

Annotations:
D:5 Blork the orc, Dowan, Duvessa


Innate Abilities, Weirdness & Mutations

You are a hulking beast.
Your limbs bulge with bestial killing power. (Slay +3)
You cannot wear most types of armour.
You are amphibious.
You can wear up to eight rings at the same time.
Your skin changes colour to match your surroundings (Stealth+).
Your rubbery body absorbs attacks. (AC +1, EV +1)
((You are camouflaged when in or above water. (Stealth+)))
You have tentacles for arms and can constrict up to eight enemies at once.


Message History

Duvessa says, "I don't care about looks, I care about technique!"
The orc warrior misses you.
Blork the orc looks encouraged for a moment.
You hit the orc warrior.
The orc warrior is heavily wounded.
You constrict the orc warrior, but do no damage.
The orc warrior hits you with a +0 great sword!
Blork the orc misses you. The orc warrior completely misses you.
You hit the orc warrior but do no damage.
You tentacle-slap the orc warrior!
The orc warrior is almost dead.
You constrict the orc warrior.
You kill the orc warrior!
Vehumet accepts your kill. Blork the orc barely misses you.
Dowan says, "My weaknesses are her strengths!"
Your Dodging skill increases to level 4!
Blork the orc closely misses you.
Dowan casts a spell at Duvessa.
Duvessa seems to speed up.
You feel much better. Duvessa hits you with a +0 short sword.
Blork the orc hits you from afar with a +0 halberd!
Duvessa hits you with a +0 short sword.
You barely miss Duvessa. You grab Duvessa. You squeeze Duvessa.
Duvessa is lightly wounded.
You constrict Duvessa, but do no damage.
Blork the orc looks encouraged for a moment.
Duvessa barely misses you.
Blork the orc hits you from afar with a +0 halberd.
Duvessa hits you with a +0 short sword.
You hit Duvessa.
Duvessa is lightly wounded.
You constrict Duvessa. Duvessa hits you with a +0 short sword.
Blork the orc closely misses you. Duvessa hits you with a +0 short sword!
You hit Duvessa but do no damage. You squeeze Duvessa.
Duvessa is moderately wounded.
You constrict Duvessa. Duvessa hits you with a +0 short sword.
* * * LOW HITPOINT WARNING * * *
Blork the orc completely misses you. Duvessa hits you with a +0 short sword!
You die...

.... ..###
#... ..#)#
#......##
#.e#...^
#.e#...
.o..####.
#........ #
#?#######.#
#....oeh..#
#.?..e###.#
#.###......$.
#.# #####.###
#.. ###


You could see Duvessa (fast), Blork the orc and Dowan.

Vanquished Creatures
  Sigmund (D:4)
  An orc warrior (D:5)
  2 scorpions
  2 bombardier beetles
  2 orc priests (D:3)
  Terence (D:2)
  Natasha (twice) (D:2)
  An iguana (D:4)
  4 adders
  3 dart slugs
  A ribbon worm (D:3)
  4 orcs
  6 ball pythons
  10 endoplasms
  A giant cockroach (D:3)
  6 goblins
  5 hobgoblins
  4 jackals (D:4)
  16 kobolds
  A quokka (D:4)
  6 bats
  8 frilled lizards
  A rat (D:2)
88 creatures vanquished.

Notes
Turn   | Place    | Note
-------+----------+-------------------------------------------
     0 | D:1      | Killerpretzel the Octopode Shapeshifter began the quest for
                  | the Orb.
     0 | D:1      | Reached XP level 1. HP: 13/13 MP: 1/1
   105 | D:1      | Reached XP level 2. HP: 18/18 MP: 2/2
   426 | D:1      | Reached XP level 3. HP: 23/23 MP: 3/3
   428 | D:1      | Found Ohoepran's Weapon Shop.
  1724 | D:2      | Noticed Natasha
  1729 | D:2      | Killed Natasha
  1730 | D:2      | Reached XP level 4. HP: 17/29 MP: 4/4
  1865 | D:2      | Noticed Natasha
  1892 | D:2      | Noticed Terence
  1900 | D:2      | Killed Terence
  2206 | D:2      | Reached skill level 4 in Shapeshifting
  2346 | D:3      | Reached XP level 5. HP: 34/34 MP: 5/5
  3096 | D:2      | Killed Natasha
  3097 | D:2      | Reached XP level 6. HP: 41/41 MP: 6/6
  3470 | D:4      | Noticed Sigmund
  3478 | D:4      | Killed Sigmund
  3479 | D:4      | Reached skill level 5 in Shapeshifting
  3479 | D:4      | Reached XP level 7. HP: 46/46 MP: 7/7
  3678 | D:4      | Found a staircase to the Ecumenical Temple.
  3685 | Temple   | Entered the Ecumenical Temple
  3698 | Temple   | Became a worshipper of Vehumet
  4334 | D:5      | Entered Level 5 of the Dungeon
  4341 | D:5      | Noticed Blork the orc
  4342 | D:5      | Noticed Dowan
  4344 | D:5      | Noticed Duvessa
  4360 | D:5      | Slain by Duvessa

Illustrated notes

Levels and vault maps discovered:
D:1:      kennysheep_arrival_seaside, layout_basic, serial_shops,
          nicolae_shop_tiny_statue_garden, serial_co_window_serial,
          co_window_paths_a, co_window_paths_a, co_window_paths_a,
          co_window_paths_a, co_window_paths_a, co_window_of_opportunity_a,
          co_window_paths_a, co_window_paths_a, co_window_corner_a,
          co_window_2corner, co_window_of_opportunity_c, co_window_corner_b,
          co_window_unsneaky_path_c, co_window_corner_cb,
          co_window_of_opportunity_b, co_window_4corner_a, co_window_paths_e,
          glass_columns_a, glass_columns_b, glass_columns_a, glass_columns_a,
          minmay_tree_intersection, minmay_misc_feat_tiny,
          dreamdust_mushroom_princess, minmay_lizard_pond
D:2:      layout_basic, minmay_goblin_kobold_house, uniq_natasha, uniq_terence
D:3:      layout_loops_ring
D:4:      layout_loops_corners, minmay_temple_entry_offerings, grunt_tough_drop,
          uniq_sigmund
D:5:      layout_loops_corners, enter_ossuary_2, nicolae_take_the_stairs,
          nicolae_shop_i_like_small_books_too, chequers_serial_rivers_room_a,
          sword_in_stone, uniq_duvessa
Temple:   dpeg_three_leaves_temple

Skill      XL: |  1  2  3  4  5  6  7 |
---------------+----------------------+-----
Fighting       | 2 3 |  3.6
Shapeshifting  | 4 5 |  5.6
Dodging        | 3 4 |  4.1
Unarmed Combat | 4 |  4.7

Action                     |  1- 3 |  4- 6 |  7- 9 || total
---------------------------+-------+-------+-------++-------
  Melee: Unarmed           |    57 |    51 |       ||   108
         Tentacles         |     9 |    13 |     4 ||    26
         Constrict         |     7 |    17 |     8 ||    32
         Punch             |     3 |     2 |     1 ||     6
         Quarterstaff      |       |    18 |    26 ||    44
    Use: Scroll            |     3 |     5 |     4 ||    12
         Potion            |       |     1 |     1 ||     2
   Stab: Sleeping          |     6 |     4 |     4 ||    14
 Armour: Skin              |    19 |    21 |    18 ||    58
  Dodge: Dodged            |    19 |    23 |    19 ||    61
